| TOP OF THE 1ST |
|
Orem Owlz batting - Pitching for Seattle (APP) Mariners : RHP Jayden Ross
|
|
Pitching: RHP Jayden Ross
|
|
|
Batting: RHB Ken Hillman
|
0-0: Swinging Strike 0-1: Ball 1-1: Ground out 5-3 (Groundball, 15, EV 91.2 MPH)
|
|
Batting: RHB Fred Saxton
|
0-0: Ball 1-0: Called Strike 1-1: Ball 2-1: Ball 3-1: Base on Balls
|
|
Batting: SHB Manuel Martinez
|
0-0: Ball Fred Saxton is caught stealing 2nd base 2-6 1-0: Ball 2-0: Called Strike 2-1: Foul Ball, location: 2F 2-2: Foul Ball, location: 2F 2-2: Strikes out looking
|
| Top of the 1st over - 0 runs, 0 hits, 0 errors, 0 left on base; Orem 0 - Seattle (APP) 0 |
| BOTTOM OF THE 1ST |
|
Seattle (APP) Mariners batting - Pitching for Orem Owlz : RHP Bobby Cordova
|
|
Pitching: RHP Bobby Cordova
|
|
|
Batting: RHB Joaquin Salazar
|
0-0: Ball 1-0: Ball 2-0: Foul Ball, location: 2F 2-1: Swinging Strike 2-2: Foul Ball, location: 2F 2-2: Foul Ball, location: 2F 2-2: Strikes out swinging
|
|
Batting: RHB Eddie Luna
|
0-0: Ball 1-0: Called Strike 1-1: Ball 2-1: Ball 3-1: SINGLE (Line Drive, 6M, EV 105.0 MPH)
|
|
Batting: LHB William Gonzales
|
0-0: Fielders Choice at 2nd, 6-4 (Groundball, 6, EV 86.2 MPH)
|
|
Batting: RHB Rich Griffith
|
0-0: Swinging Strike 0-1: Foul Ball, location: 2F 0-2: Ball 1-2: Ball Wild Pitch! William Gonzales to second 2-2: Strikes out swinging
|
| Bottom of the 1st over - 0 runs, 1 hit, 0 errors, 1 left on base; Orem 0 - Seattle (APP) 0 |
| TOP OF THE 2ND |
|
Orem Owlz batting - Pitching for Seattle (APP) Mariners : RHP Jayden Ross
|
|
Batting: RHB Arnaud Derosiers
|
0-0: Ball 1-0: Swinging Strike 1-1: DOUBLE (Flyball, 8LXD, EV 100.0 MPH)
|
|
Batting: RHB Daniel Molina
|
0-0: Ball 1-0: Called Strike 1-1: Ball 2-1: Ball 3-1: Base on Balls
|
|
Batting: LHB David Coatney
|
0-0: Ball 1-0: Foul Ball, location: 2F 1-1: Foul Ball, location: 2F 1-2: Fly out, F8 (Flyball, 8LD, EV 103.1 MPH) Runner from 2nd tags up, SAFE at 3rd with throw by CF
|
|
Batting: RHB Jesse Sargent
|
0-0: Ball 1-0: Ball Daniel Molina steals 2nd base 2-0: DOUBLE (Groundball, 3L, EV 107.5 MPH) Arnaud Derosiers scores Daniel Molina scores
|
|
Batting: RHB Steve Neely
|
0-0: Called Strike 0-1: Ball 1-1: Foul Ball, location: 2F 1-2: Foul Ball, location: 2F 1-2: Ball 2-2: Strikes out swinging
|
|
Batting: RHB Carlos Gonzales
|
0-0: Called Strike 0-1: Called Strike 0-2: Strikes out swinging, 2-3 out at first.
|
| Top of the 2nd over - 2 runs, 2 hits, 0 errors, 1 left on base; Orem 2 - Seattle (APP) 0 |
| BOTTOM OF THE 2ND |
|
Seattle (APP) Mariners batting - Pitching for Orem Owlz : RHP Bobby Cordova
|
|
Batting: RHB Ross Hallock
|
0-0: Called Strike 0-1: Ball 1-1: Ball 2-1: Ball 3-1: Foul Ball, location: 2F 3-2: Ground out U3 (Groundball, 34, EV 99.4 MPH)
|
|
Batting: SHB Carlos Luna
|
0-0: Fly out, F9 (Flyball, 9S, EV 90.0 MPH)
|
|
Batting: LHB Garrett Dodge
|
0-0: Called Strike 0-1: Called Strike 0-2: Ball 1-2: Foul Ball, location: 2F 1-2: Ball 2-2: Strikes out swinging
|
| Bottom of the 2nd over - 0 runs, 0 hits, 0 errors, 0 left on base; Orem 2 - Seattle (APP) 0 |
| TOP OF THE 3RD |
|
Orem Owlz batting - Pitching for Seattle (APP) Mariners : RHP Jayden Ross
|
|
Batting: RHB Ken Hillman
|
0-0: Ball 1-0: Called Strike 1-1: Ball 2-1: Bunt for hit to 5S - play at first, batter OUT! 5-3
|
|
Batting: RHB Fred Saxton
|
0-0: Called Strike 0-1: Hit by Pitch
|
|
Batting: SHB Manuel Martinez
|
0-0: Called Strike 0-1: Called Strike Fred Saxton steals 2nd base 0-2: Foul Ball, location: 2F 0-2: Ball 1-2: Ball 2-2: Ball 3-2: Foul Ball, location: 2F 3-2: Base on Balls
|
|
Batting: RHB Arnaud Derosiers
|
0-0: Ball 1-0: Ball 2-0: Swinging Strike 2-1: Swinging Strike 2-2: Ball 3-2: Foul Ball, location: 2F 3-2: Base on Balls Fred Saxton to third Manuel Martinez to second
|
|
Batting: RHB Daniel Molina
|
0-0: Ball 1-0: Ball 2-0: Ball 3-0: Base on Balls Fred Saxton scores Manuel Martinez to third Arnaud Derosiers to second
|
|
Batting: LHB David Coatney
|
0-0: Ball 1-0: Ball 2-0: Foul Ball, location: 2F 2-1: SINGLE (Line Drive, 4D, EV 98.8 MPH) Manuel Martinez scores Arnaud Derosiers to third Daniel Molina to second
|
|
Batting: RHB Jesse Sargent
|
0-0: Foul Ball, location: 2F 0-1: Swinging Strike 0-2: Ball 1-2: Ball Wild Pitch! Arnaud Derosiers scores Daniel Molina to third David Coatney to second 2-2: Strikes out looking
|
|
Batting: RHB Steve Neely
|
0-0: Ball 1-0: Called Strike 1-1: Called Strike 1-2: Ball 2-2: Strikes out swinging
|
| Top of the 3rd over - 3 runs, 1 hit, 0 errors, 2 left on base; Orem 5 - Seattle (APP) 0 |
| BOTTOM OF THE 3RD |
|
Seattle (APP) Mariners batting - Pitching for Orem Owlz : RHP Bobby Cordova
|
|
Batting: RHB Ziven Badersky
|
0-0: Ball 1-0: Ball 2-0: Ground out 1-3 (Groundball, 34S, EV 72.5 MPH)
|
|
Batting: RHB Tristan Martin
|
0-0: Called Strike 0-1: Ball 1-1: Called Strike 1-2: Ball 2-2: Strikes out swinging
|
|
Batting: RHB Joaquin Salazar
|
0-0: Called Strike 0-1: SINGLE (Groundball, 34D, EV 103.1 MPH)
|
|
Batting: RHB Eddie Luna
|
0-0: Ball 1-0: Foul Ball, location: 2F 1-1: Ball 2-1: Foul Ball, location: 2F 2-2: Ground out 4-3 (Groundball, 4S, EV 82.5 MPH)
|
| Bottom of the 3rd over - 0 runs, 1 hit, 0 errors, 1 left on base; Orem 5 - Seattle (APP) 0 |
| TOP OF THE 4TH |
|
Orem Owlz batting - Pitching for Seattle (APP) Mariners : RHP Jayden Ross
|
|
Batting: RHB Carlos Gonzales
|
0-0: Called Strike 0-1: Ball 1-1: Ball 2-1: Foul Ball, location: 2F 2-2: Fly out, F8 (Flyball, 8LS, EV 96.2 MPH)
|
|
Batting: RHB Ken Hillman
|
0-0: Called Strike 0-1: Ball 1-1: Ground out 6-3 (Groundball, 6, EV 83.1 MPH)
|
|
Batting: RHB Fred Saxton
|
0-0: Foul Ball, location: 2F 0-1: Ball 1-1: Ball 2-1: Ball 3-1: Foul Ball, location: 2F 3-2: Base on Balls
|
|
Batting: SHB Manuel Martinez
|
0-0: Ball Fred Saxton is caught stealing 2nd base 2-6
|
| Top of the 4th over - 0 runs, 0 hits, 0 errors, 0 left on base; Orem 5 - Seattle (APP) 0 |
| BOTTOM OF THE 4TH |
|
Seattle (APP) Mariners batting - Pitching for Orem Owlz : RHP Bobby Cordova
|
|
Batting: LHB William Gonzales
|
0-0: Swinging Strike 0-1: Ball 1-1: Called Strike 1-2: Ball 2-2: Foul Ball, location: 2F 2-2: Ball 3-2: Base on Balls
|
|
Batting: RHB Rich Griffith
|
0-0: Ball 1-0: Called Strike 1-1: Ball 2-1: Foul Ball, location: 2F 2-2: Ball 3-2: Base on Balls William Gonzales to second
|
|
Batting: RHB Ross Hallock
|
0-0: Called Strike 0-1: Ball 1-1: Ball 2-1: Fly out, F7 (Flyball, 7S, EV 88.1 MPH)
|
|
Batting: SHB Carlos Luna
|
0-0: Ball 1-0: Ball 2-0: Ball 3-0: Base on Balls William Gonzales to third Rich Griffith to second
|
|
Batting: LHB Garrett Dodge
|
0-0: Fielders Choice at 2nd, 6-4 (Groundball, 6, EV 82.5 MPH) William Gonzales scores Rich Griffith to third
|
|
Batting: RHB Ziven Badersky
|
0-0: Ball 1-0: Foul Ball, location: 2F 1-1: Ball 2-1: Swinging Strike 2-2: Strikes out swinging
|
| Bottom of the 4th over - 1 run, 0 hits, 0 errors, 2 left on base; Orem 5 - Seattle (APP) 1 |
| TOP OF THE 5TH |
|
Orem Owlz batting - Pitching for Seattle (APP) Mariners : RHP Jayden Ross
|
|
Pitching: RHP Daniel Villalobos
|
|
|
Batting: SHB Manuel Martinez
|
0-0: Swinging Strike 0-1: Ball 1-1: Ground out 4-3 (Groundball, 34, EV 108.1 MPH)
|
|
Batting: RHB Arnaud Derosiers
|
0-0: Ball 1-0: SINGLE (Groundball, 4MD, EV 102.5 MPH)
|
|
Batting: RHB Daniel Molina
|
0-0: Foul Ball, location: 2F 0-1: Foul Ball, location: 2F 0-2: Foul Ball, location: 2F 0-2: Ball 1-2: Fly out, F9 (Flyball, 9, EV 85.0 MPH)
|
|
Batting: LHB David Coatney
|
0-0: Ball 1-0: Ball 2-0: Ball 3-0: Called Strike 3-1: Base on Balls Arnaud Derosiers to second
|
|
Batting: RHB Jesse Sargent
|
0-0: Ball 1-0: Swinging Strike 1-1: Swinging Strike 1-2: Ball 2-2: Strikes out swinging
|
| Top of the 5th over - 0 runs, 1 hit, 0 errors, 2 left on base; Orem 5 - Seattle (APP) 1 |
| BOTTOM OF THE 5TH |
|
Seattle (APP) Mariners batting - Pitching for Orem Owlz : RHP Bobby Cordova
|
|
Batting: RHB Tristan Martin
|
0-0: Swinging Strike 0-1: Ball 1-1: Ball 2-1: Ball 3-1: Fly out, F8 (Flyball, 8LS, EV 90.6 MPH)
|
|
Batting: RHB Joaquin Salazar
|
0-0: Ball 1-0: Fly out, F8 (Flyball, 8RS, EV 81.9 MPH)
|
|
Batting: RHB Eddie Luna
|
0-0: Foul Ball, location: 2F 0-1: Ball 1-1: Ball 2-1: Foul Ball, location: 2F 2-2: Ball 3-2: Strikes out swinging
|
| Bottom of the 5th over - 0 runs, 0 hits, 0 errors, 0 left on base; Orem 5 - Seattle (APP) 1 |
| TOP OF THE 6TH |
|
Orem Owlz batting - Pitching for Seattle (APP) Mariners : RHP Daniel Villalobos
|
|
Pinch Hitting: RHB Brian Spry
|
0-0: Called Strike 0-1: Ball 1-1: Foul Ball, location: 2F 1-2: Strikes out swinging
|
|
Pitching: RHP Domingo Maldonado
|
|
|
Batting: RHB Carlos Gonzales
|
0-0: Called Strike 0-1: Swinging Strike 0-2: Fly out, F7 (Flyball, 7S, EV 89.4 MPH)
|
|
Batting: RHB Ken Hillman
|
0-0: Foul Ball, location: 2F 0-1: Foul Ball, location: 2F 0-2: Ball 1-2: SOLO HOME RUN (Line Drive, 78XD, EV 108.1 MPH), Distance : 411 ft
|
|
Batting: RHB Fred Saxton
|
0-0: Swinging Strike 0-1: Ball 1-1: Ball 2-1: Ground out 5-3 (Groundball, 56, EV 100.0 MPH)
|
| Top of the 6th over - 1 run, 1 hit, 0 errors, 0 left on base; Orem 6 - Seattle (APP) 1 |
| BOTTOM OF THE 6TH |
|
Seattle (APP) Mariners batting - Pitching for Orem Owlz : RHP Bobby Cordova
|
|
Pitching: RHP Arnold Frye
|
|
|
Now in RF: Kevin Feldman
|
|
|
Batting: LHB William Gonzales
|
0-0: Ball 1-0: SINGLE (Groundball, 56D, EV 103.1 MPH)
|
|
Batting: RHB Rich Griffith
|
0-0: Called Strike 0-1: Ball 1-1: Ball 2-1: Foul Ball, location: 2F 2-2: Fly out, F7 (Flyball, 78M, EV 88.8 MPH)
|
|
Batting: RHB Ross Hallock
|
0-0: Ball 1-0: Ball 2-0: Ball 3-0: Called Strike 3-1: Base on Balls William Gonzales to second
|
|
Batting: SHB Carlos Luna
|
0-0: Called Strike 0-1: Ball 1-1: Called Strike 1-2: Grounds into double play, 6-4-3 (Groundball, 6, EV 85.6 MPH)
|
| Bottom of the 6th over - 0 runs, 1 hit, 0 errors, 1 left on base; Orem 6 - Seattle (APP) 1 |
| TOP OF THE 7TH |
|
Orem Owlz batting - Pitching for Seattle (APP) Mariners : RHP Domingo Maldonado
|
|
Batting: SHB Manuel Martinez
|
0-0: Called Strike 0-1: Swinging Strike 0-2: Ball 1-2: Foul Ball, location: 2F 1-2: Foul Ball, location: 2F 1-2: Ball 2-2: Strikes out swinging
|
|
Batting: RHB Arnaud Derosiers
|
0-0: Ball 1-0: Ball 2-0: Called Strike 2-1: Ball 3-1: Swinging Strike 3-2: Fly out, F8 (Flyball, 8RM, EV 95.0 MPH)
|
|
Pitching: RHP Yen-nien Luo
|
|
|
Batting: RHB Daniel Molina
|
0-0: Ball 1-0: Called Strike 1-1: Foul Ball, location: 2F 1-2: Ball 2-2: Strikes out swinging
|
| Top of the 7th over - 0 runs, 0 hits, 0 errors, 0 left on base; Orem 6 - Seattle (APP) 1 |
| BOTTOM OF THE 7TH |
|
Seattle (APP) Mariners batting - Pitching for Orem Owlz : RHP Arnold Frye
|
|
Batting: LHB Garrett Dodge
|
0-0: Ball 1-0: Called Strike 1-1: Ball 2-1: Foul Ball, location: 2F 2-2: Ball 3-2: Foul Ball, location: 2F 3-2: Strikes out swinging
|
|
Pinch Hitting: RHB Carlton McDonald
|
0-0: Ball 1-0: Ball 2-0: Ball 3-0: Foul Ball, location: 2F 3-1: Swinging Strike 3-2: Foul Ball, location: 2F 3-2: Fly out, F8 (Flyball, 8RD, EV 78.8 MPH)
|
|
Pinch Hitting: LHB Prince Nunley
|
0-0: Fly out, F8 (Flyball, 78XD, EV 95.0 MPH)
|
| Bottom of the 7th over - 0 runs, 0 hits, 0 errors, 0 left on base; Orem 6 - Seattle (APP) 1 |
| TOP OF THE 8TH |
|
Orem Owlz batting - Pitching for Seattle (APP) Mariners : RHP Yen-nien Luo
|
|
Now at 3B: Jwahir Pili
|
|
|
Now in LF: Prince Nunley
|
|
|
Batting: LHB David Coatney
|
0-0: Foul Ball, location: 2F 0-1: Ball 1-1: Ground out 6-3 (Groundball, 6S, EV 56.9 MPH)
|
|
Batting: RHB Jesse Sargent
|
0-0: Ground out 6-3 (Groundball, 6, EV 106.2 MPH)
|
|
Batting: LHB Kevin Feldman
|
0-0: Ball 1-0: Ball 2-0: Called Strike 2-1: Foul Ball, location: 2F 2-2: Ball 3-2: Strikes out swinging
|
| Top of the 8th over - 0 runs, 0 hits, 0 errors, 0 left on base; Orem 6 - Seattle (APP) 1 |
| BOTTOM OF THE 8TH |
|
Seattle (APP) Mariners batting - Pitching for Orem Owlz : RHP Arnold Frye
|
|
Batting: RHB Joaquin Salazar
|
0-0: Called Strike 0-1: Called Strike 0-2: Ball 1-2: Ball 2-2: Ball 3-2: DOUBLE (Line Drive, 89D, EV 110.0 MPH)
|
|
Pitching: LHP Yee Koh
|
|
|
Batting: RHB Eddie Luna
|
0-0: Called Strike 0-1: Ball 1-1: Called Strike 1-2: Ball 2-2: Strikes out swinging
|
|
Batting: LHB William Gonzales
|
0-0: Called Strike 0-1: Foul Ball, location: 2F 0-2: Strikes out swinging
|
|
Batting: RHB Rich Griffith
|
0-0: Foul Ball, location: 2F 0-1: Called Strike 0-2: Foul Ball, location: 2F 0-2: Ball 1-2: Fly out, F3 (Popup, 3SF, EV 71.2 MPH)
|
| Bottom of the 8th over - 0 runs, 1 hit, 0 errors, 1 left on base; Orem 6 - Seattle (APP) 1 |
| TOP OF THE 9TH |
|
Orem Owlz batting - Pitching for Seattle (APP) Mariners : RHP Yen-nien Luo
|
|
Batting: RHB Carlos Gonzales
|
0-0: Ground out 6-3 (Groundball, 6, EV 91.2 MPH)
|
|
Batting: RHB Ken Hillman
|
0-0: Ball 1-0: Foul Ball, location: 2F 1-1: Ball 2-1: Swinging Strike 2-2: Foul Ball, location: 2F 2-2: Ball 3-2: SOLO HOME RUN (Line Drive, 78XD, EV 108.1 MPH), Distance : 425 ft
|
|
Batting: RHB Fred Saxton
|
0-0: Ball 1-0: SINGLE (Line Drive, 34D, EV 98.1 MPH)
|
|
Batting: SHB Manuel Martinez
|
0-0: Ball Fred Saxton steals 2nd base 1-0: Swinging Strike 1-1: Ball 2-1: Foul Ball, location: 2F 2-2: Ground out U3 (Groundball, 3L, EV 83.8 MPH) Fred Saxton to third
|
|
Batting: RHB Arnaud Derosiers
|
0-0: Called Strike 0-1: 2-RUN HOME RUN (Flyball, 7D, EV 96.9 MPH), Distance : 374 ft
|
|
Batting: RHB Daniel Molina
|
0-0: Called Strike 0-1: Reached on error, E5 (Groundball, 56, EV 85.0 MPH)
|
|
Batting: LHB David Coatney
|
0-0: Called Strike 0-1: Called Strike 0-2: Strikes out looking
|
| Top of the 9th over - 3 runs, 3 hits, 1 error, 1 left on base; Orem 9 - Seattle (APP) 1 |
| BOTTOM OF THE 9TH |
|
Seattle (APP) Mariners batting - Pitching for Orem Owlz : LHP Yee Koh
|
|
Batting: RHB Ross Hallock
|
0-0: Ball 1-0: Called Strike 1-1: SOLO HOME RUN (Flyball, 78XD, EV 98.1 MPH), Distance : 408 ft
|
|
Pinch Hitting: RHB Neal Perucci
|
0-0: Ball 1-0: Ball 2-0: Ball 3-0: Base on Balls
|
|
Pinch Hitting: RHB Steve Carmichael
|
0-0: Ball 1-0: Called Strike 1-1: Foul Ball, location: 2F 1-2: Strikes out swinging
|
|
Pitching: RHP Dean Aspden
|
|
|
Pinch Hitting: SHB Frank Amato
|
0-0: Ball 1-0: Ball 2-0: Ball 3-0: Called Strike 3-1: Foul Ball, location: 2F 3-2: Strikes out looking
|
|
Batting: LHB Prince Nunley
|
0-0: Ball 1-0: Foul Ball, location: 2F 1-1: Foul Ball, location: 2F 1-2: Strikes out swinging
|
| Bottom of the 9th over - 1 run, 1 hit, 0 errors, 1 left on base; Orem 9 - Seattle (APP) 2 |
|